 Dungeon Crawl Stone Soup version 0.31-a0-881-ge136f0c47a (webtiles) character file.

Game seed: 8790712023188764731

9 protoss039 the Digger (level 2, 20/20 HPs)
             Began as a Demonspawn Earth Elementalist on Oct 15, 2023.
             Got out of the dungeon alive.
             The game lasted 00:00:29 (450 turns).

protoss039 the Digger (DsEE)                         Turns: 450, Time: 00:00:30

Health: 20/20      AC:  3    Str:  8    XL:     2   Next: 6%
Magic:  14/14      EV: 12    Int: 16    God:
Gold:   14         SH:  4    Dex: 13    Spells: 4/5 levels left

rFire   . . .        d - +0 short sword
rCold   . . .        (no shield)
rNeg    . . .        a - +0 robe
rPois   .            (no helmet)
rElec   .            (no cloak)
rCorr   .            c - +0 pair of gloves
SInv    .            (no boots)
Will    .....        (no amulet)
Stlth   ++           e - ring of magical power
HPRegen 0.23/turn    (no ring)
MPRegen 0.14/turn

%: no passive effects
@: no status effects
A: condensation shield
a: no special abilities


You escaped.
You visited 1 branch of the dungeon, and saw 1 of its levels.

You collected 14 gold pieces.

Inventory:

Hand Weapons
 d - a +0 short sword (weapon)
Armour
 a - a +0 robe (worn)
 c - a +0 pair of gloves (worn)
Jewellery
 e - a ring of magical power (left hand)
Scrolls
 f - a scroll of revelation {unknown}
 g - a scroll of vulnerability {unknown}
Potions
 b - a potion of magic
 h - a potion of mutation {unknown}


   Skills:
 + Level 0.8 Fighting
 - Level 1.7 Dodging
 - Level 1.7 Stealth
 + Level 2.2 Spellcasting
 - Level 0.8 Transmutations
 + Level 2.9 Earth Magic


You had 4 spell levels left.
You knew the following spells:

 Your Spells              Type           Power      Damage    Failure   Level
a - Sandblast             Erth           22%        2d7       6%          1

Your spell library contained the following spells:

 Spells                   Type           Power      Damage    Failure   Level
 Passwall                 Tmut/Erth      5%         N/A       14%         2
 Stone Arrow              Conj/Erth      12%        3d7       32%         3
 Petrify                  Tmut/Erth      7%         N/A       67%         4
 Brom's Barrelling Bould  Conj/Erth      6%         2d3       73%         4


Dungeon Overview and Level Annotations

Branches:
Dungeon (1/15) Zot: 5545

Altars:


Innate Abilities, Weirdness & Mutations

A meltable shield of frost defends you. (SH +4)


Message History

You open the door.
There is an open door here.
You open the door.
There is an open door here.
A ball python comes into view.
The ball python hisses angrily.
A ball python is nearby!
A ball python is nearby!
A ball python is nearby!
The ball python closely misses you. The ball python barely misses you.
Casting: Sandblast (safe; 6% risk of failure)
Confirm with . or Enter, or press ? or * to list all spells.
Aiming: Sandblast (safe; 6% risk of failure)
Press: ? - help, Shift-Dir - straight line, f - ball python
Aim: a ball python (80% to hit)
The blast of sand hits the ball python.
You kill the ball python!
You have reached level 2!
Your demonic ancestry asserts itself...
Frost condenses into a shield before you.
Found a stone staircase leading down.
A frilled lizard comes into view.
A frilled lizard is nearby!
Unknown command.
A frilled lizard is nearby!
A frilled lizard is nearby!
The frilled lizard hisses angrily.
The frilled lizard bites you.
Casting: Sandblast (safe; 6% risk of failure)
Confirm with . or Enter, or press ? or * to list all spells.
Aiming: Sandblast (safe; 6% risk of failure)
Press: ? - help, Shift-Dir - straight line, f - frilled lizard
Aim: a frilled lizard (70% to hit)
The blast of sand hits the frilled lizard!
You kill the frilled lizard!
Unknown command.
You see here a bat skeleton.
Found a metallic ruby potion.
There is a staircase leading out of the dungeon here.
You have escaped!

#..........
#..........
#.......... ####
###....รท.....
###...###...###.####.
#...!.........#.# #.
##.............#.# ##
#.#...###...###....#
#.#...#@......#...##
#.#...#.......#...#
#.##.............##
#.##......#......#
#.##.............##
#.#...#.......#...#
#.....#......>#...#
#.....###...###...#
#.##.............##


There were no monsters in sight!

Vanquished Creatures
  2 endoplasms (D:1)
  2 ball pythons (D:1)
  3 bats (D:1)
  3 frilled lizards (D:1)
10 creatures vanquished.

Notes
Turn   | Place    | Note
-------+----------+-------------------------------------------
     0 | D:1      | protoss039 the Demonspawn Earth Elementalist began the
                  | quest for the Orb.
     0 | D:1      | Reached XP level 1. HP: 13/13 MP: 3/3
   361 | D:1      | Gained mutation: A meltable shield of frost defends you.
                  | (SH +4) [demonic ancestry]
   361 | D:1      | Reached XP level 2. HP: 20/20 MP: 5/5
   450 | D:$      | Got out of the dungeon alive.

Illustrated notes

Levels and vault maps discovered:
D:1:      minmay_arrival_open_corners, layout_basic

Action                     || total
---------------------------++-------
   Cast: Sandblast         ||    11
 Armour: Robe              ||     1
  Dodge: Dodged            ||     6

Table legend: (Time is in decaauts)
 A = Elapsed time spent in this place.
 B = Non-inter-level travel time spent in this place.
 C = Inter-level travel time spent in this place.
 D = Time resting spent in this place.
 E = Time spent auto-exploring this place.
 F = Levels seen in this place.
 G = Mean time per level.
                   A        B        C        D        E       F      G
               +--------+--------+--------+--------+--------+-----+--------+
         Total |    454 |    403 |     51 |      0 |    336 |   1 |  454.0 |
       Dungeon |    454 |    403 |     51 |      0 |    336 |   1 |  454.0 |
               +--------+--------+--------+--------+--------+-----+--------+

Top non-repeatable levels by time:
     D:1: 454 daAuts
